 Dungeon Crawl Stone Soup version 0.30-a0-585-g93115170b9 (webtiles) character file.

Game seed: 3028274729875024350

4573 pokeman the Thaumaturge (level 10, 0/56 HPs)
             Began as a Deep Elf Hedge Wizard on Jan 1, 2023.
             Was an Initiate of Vehumet.
             Slain by a gnoll
             ... wielding a +0 hand axe
              (5 damage)
             ... in a bailey.
             The game lasted 00:22:24 (9619 turns).

pokeman the Thaumaturge (Deep Elf Hedge Wizard)     Turns: 9619, Time: 00:22:24

Health: 0/56       AC: 10    Str: 17    XL:     10   Next: 18%
Magic:  17/28      EV: 13    Int: 30    God:    Vehumet [......]
Gold:   379        SH:  0    Dex: 14    Spells: 26/34 levels left

rFire   . . .      SeeInvis .    H - +10 mace of the Moon {flame, Str+7}
rCold   . . .      Faith    .    (no shield)
rNeg    + . .      Spirit   .    a - +2 robe {Archmagi}
rPois   .          Reflect  .    E - +0 helmet
rElec   .          Harm     .    G - +1 cloak
rCorr   .          Rampage  .    I - +2 pair of gloves {Str+3}
Will    +....      Archmagi +    (no boots)
Stlth   ++                       (no amulet)
HPRegen 0.29/turn                B - ring of positive energy
MPRegen 0.21/turn                O - +6 ring of intelligence

@: no status effects
A: no striking features
a: Renounce Religion


You were in a bailey.
You worshipped Vehumet.
Vehumet was noncommittal.
You visited 2 branches of the dungeon, and saw 9 of its levels.
You also visited: Sewer and Bailey.

You collected 466 gold pieces.
You spent 87 gold pieces at shops.

Inventory:

Hand Weapons
 F - a +3 quarterstaff of chaos
 H - the +10 mace of the Moon (weapon) {flame, Str+7}
   (You found it on level 5 of the Dungeon)

   It burns those it strikes, dealing additional fire damage.
   Str:       It affects your strength (+7).
Armour
 a - a +2 robe of the Archmagi (worn)
 i - a +0 buckler
 A - a +0 pair of gloves
 C - +1 steam dragon scales
 E - a +0 helmet (worn)
 G - a +1 cloak (worn)
 I - a +2 pair of gloves of strength (worn)
Magical Staves
 c - a staff of death
 D - a staff of fire
Jewellery
 B - a ring of positive energy (left hand)
 O - a +6 ring of intelligence (right hand)
Wands
 m - a wand of flame (28)
 K - a wand of polymorph (7)
 L - a wand of paralysis (9)
Scrolls
 b - 2 scrolls of poison {unknown}
 g - 5 scrolls of identify {unknown}
 o - a scroll of amnesia {unknown}
 q - 5 scrolls of teleportation {unknown}
 r - 3 scrolls of enchant armour {unknown}
 s - 2 scrolls of vulnerability {unknown}
 t - a scroll of enchant weapon {unknown}
 w - a scroll of summoning {unknown}
 x - a scroll of blinking {unknown}
 y - 2 scrolls of fear {unknown}
 J - a scroll of immolation {unknown}
 M - 3 scrolls of noise {unknown}
 P - a scroll of magic mapping {unknown}
Potions
 d - 2 potions of magic
 e - a potion of resistance {unknown}
 f - 5 potions of heal wounds
 h - 4 potions of lignification {unknown}
 j - 3 potions of attraction {unknown}
 k - 3 potions of flight {unknown}
 l - 3 potions of ambrosia {unknown}
 n - a potion of degeneration {unknown}
 p - 4 potions of brilliance {unknown}
 u - 4 potions of curing {unknown}
 v - 3 potions of mutation {unknown}
 z - 2 potions of cancellation {unknown}
 N - a potion of berserk rage {unknown}


   Skills:
 - Level 4.0 Fighting
 + Level 2.1 Armour
 - Level 4.0 Dodging
 - Level 3.1 Stealth
 - Level 1.3 Shields
 * Level 12.5 Spellcasting
 + Level 7.0 Conjurations
 + Level 5.7 Summonings
 - Level 1.0 Necromancy
 - Level 1.1 Translocations
 + Level 4.2 Fire Magic
 - Level 1.0 Air Magic
 - Level 1.0 Poison Magic
 - Level 1.0 Evocations


You had 26 spell levels left.
You knew the following spells:

 Your Spells              Type           Power      Damage    Failure   Level
a - Magic Dart            Conj           100%       1d8       1%          1
b - Mephitic Cloud        Conj/Pois/Air  54%        N/A       2%          3
c - Call Imp              Summ           68%        N/A       1%          2
d - Blink                 Tloc           76%        N/A       2%          2

Your spell library contained the following spells:

 Spells                   Type           Power      Damage    Failure   Level
 Static Discharge         Conj/Air       100%       2-7/arc   1%          2
 Slow                     Hex            100%       N/A       2%          1
 Cigotuvi's Dreadful Rot  Necr/Pois/Air  74%        N/A       2%          2
 Sublimation of Blood     Necr           37%        N/A       2%          2
 Wereblood                Tmut           28%        N/A       4%          2
 Summon Ice Beast         Ice/Summ       52%        N/A       9%          4
 Arcjolt                  Conj/Air       29%        1d39      14%         5
 Summon Hydra             Summ           34%        N/A       91%         7
 Chain Lightning          Conj/Air       29%        3d39      100%        9


Dungeon Overview and Level Annotations

Branches:
Dungeon (8/15)             Temple (1/1) D:7           Sewer (visited)
 Bailey (1/1)
   Lair: D:8-11

Altars:
Cheibriados
Kikubaaqudgha
Trog
Vehumet
Yredelemnul

Shops:
D:6 *

Annotations:
D:6 2 transporters, Newt's ghost, novice DsGl


Message History

The human is engulfed in noxious fumes.
The human appears confused.
The human hits you with a +2 heavy hand axe!
* * * LOW HITPOINT WARNING * * *
The human hits your crimson imp with a +2 heavy hand axe.
Your crimson imp completely misses the human.
Unknown command.
Your crimson imp hits the human.
The human completely misses your crimson imp.
Your crimson imp hits the human but does no damage.
Casting: Mephitic Cloud (dangerous; 2% risk of failure)
Confirm with . or Enter, or press ? or * to list all spells.
Aiming: Mephitic Cloud (dangerous; 2% risk of failure)
Press: ? - help, Shift-Dir - straight line, f - gnoll, p - human
Aim: a gnoll, wielding a +0 hand axe and wearing a +0 leather armour (chance to affect: 91%)
You feel a surge of power!
The ball explodes into a vile cloud!
The stinking cloud engulfs the gnoll but does no damage.
The stinking cloud engulfs your crimson imp but does no damage.
Your crimson imp is moderately wounded.
The stinking cloud engulfs the human but does no damage.
The human is heavily wounded.
You hear a shout!
The gnoll is engulfed in noxious fumes.
The gnoll appears confused.
The human is engulfed in noxious fumes.
Your crimson imp barely misses the human.
You hear a loud, deep croak!
Unknown command.
Unknown command.
You sock the gnoll! You burn the gnoll.
The gnoll is severely wounded.
The gnoll cries.
The human is engulfed in noxious fumes.
The human cries.
Your crimson imp blinks!
You strike the helpless human from behind!
You sock the human! You burn the human.
The human is almost dead.
The human hits you with a +2 heavy hand axe.
* * * LOW HITPOINT WARNING * * *
The gnoll hits you with a +0 hand axe.
You die...

## ######.
#...... #####
#......##.@g##
#...)5).p..#
######°°°..#
#~~~'○○○..#
#~~~~##...##
'~~~~ #####
#~~~ ##~~ ##


You could see a human (confused, ally target), a gnoll (confused) and a friendly
crimson imp (summoned).

Vanquished Creatures
  Pikel (D:4)
  Maggie (D:5)
  A troll (D:6)
  4 humans (Bailey)
  A steam dragon (D:7)
  Menkaure (D:6)
  2 water moccasins
  2 orc warriors (D:7)
  An ogre (D:5)
  A centaur (D:6)
  Blork the orc (D:5)
  A kobold brigand (Sewer)
  4 bullfrogs
  A gnoll sergeant (D:6)
  3 scorpions
  2 wights
  3 killer bees (D:7)
  A howler monkey (D:6)
  4 hounds
  3 jellies
  4 orc priests
  2 iguanas
  4 orc wizards
  15 adders
  5 river rats
  A shadow imp (D:5)
  A white imp (D:7)
  3 ufetubi (D:6)
  A worm (D:3)
  A dart slug (D:4)
  18 orcs
  13 ball pythons
  A bat (D:2)
  8 endoplasms
  14 giant cockroaches
  10 goblins
  8 hobgoblins
  8 jackals
  16 kobolds
  4 quokkas
  6 frilled lizards
  11 rats
192 creatures vanquished.

Vanquished Creatures (collateral kills)
  Sigmund (D:2)
  Edmund (D:6)
  An ice beast (D:6)
  A kobold brigand (Sewer)
  A wight (D:5)
  Crazy Yiuf (D:5)
  A river rat (D:4)
  2 worms
  3 orcs
  A jackal (Sewer)
  A rat (D:4)
14 creatures vanquished.

Vanquished Creatures (others)
  15 plants (Sewer)
15 creatures vanquished.

Grand Total: 221 creatures vanquished

Notes
Turn   | Place    | Note
-------+----------+-------------------------------------------
     0 | D:1      | pokeman the Deep Elf Hedge Wizard began the quest for the
                  | Orb.
     0 | D:1      | Reached XP level 1. HP: 10/10 MP: 7/7
   196 | D:1      | Reached XP level 2. HP: 16/16 MP: 6/9
   638 | D:1      | Reached skill level 5 in Spellcasting
   922 | D:2      | Reached XP level 3. HP: 18/20 MP: 11/11
   975 | D:2      | Reached skill level 1 in Fighting
   982 | D:2      | Learned a level 3 spell: Mephitic Cloud
   985 | D:2      | Learned a level 2 spell: Call Imp
  1045 | D:2      | Learned a level 2 spell: Blink
  1174 | D:2      | Reached skill level 1 in Armour
  1639 | D:2      | Reached XP level 4. HP: 18/25 MP: 7/13
  2007 | D:2      | Noticed Sigmund
  2019 | D:2      | Killed Sigmund
  2020 | D:2      | Reached skill level 1 in Shields
  2020 | D:2      | Reached skill level 6 in Spellcasting
  2020 | D:2      | Reached XP level 5. HP: 23/29 MP: 10/16
  2115 | D:2      | Found a basalt altar of Yredelemnul.
  2724 | D:3      | Reached XP level 6. HP: 34/34 MP: 8/17
  3754 | D:4      | Found a glowing drain.
  3761 | Sewer    | Entered a sewer
  3789 | Sewer    | Reached skill level 7 in Spellcasting
  4453 | Sewer    | Reached skill level 1 in Air Magic
  4453 | Sewer    | Reached skill level 1 in Poison Magic
  4453 | Sewer    | Reached XP level 7. HP: 26/38 MP: 10/20
  5252 | D:4      | Reached skill level 8 in Spellcasting
  5252 | D:4      | Reached skill level 1 in Evocations
  5887 | D:5      | Entered Level 5 of the Dungeon
  6054 | D:5      | Noticed Pikel
  6168 | D:4      | Killed Pikel
  6169 | D:4      | Reached skill level 9 in Spellcasting
  6169 | D:4      | Reached skill level 5 in Conjurations
  6169 | D:4      | Reached XP level 8. HP: 45/45 MP: 18/23
  6400 | D:5      | Reached skill level 10 in Spellcasting
  6574 | D:5      | Noticed Blork the orc
  6589 | D:5      | Killed Blork the orc
  6882 | D:5      | Found a runed translucent door.
  6883 | D:5      | Noticed Crazy Yiuf
  6904 | D:5      | Killed Crazy Yiuf
  7056 | D:5      | Identified the +10 mace of the Moon {flame, Str+7}
  7141 | D:6      | Noticed Edmund
  7143 | D:6      | Noticed Maggie
  7155 | D:6      | Killed Edmund
  7156 | D:6      | Reached skill level 1 in Necromancy
  7178 | D:6      | Noticed Menkaure
  7190 | D:6      | Reached skill level 1 in Fire Magic
  7354 | D:5      | Killed Maggie
  7355 | D:5      | Reached XP level 9. HP: 41/51 MP: 20/25
  7625 | D:6      | Killed Menkaure
  7626 | D:6      | Reached skill level 11 in Spellcasting
  7693 | D:6      | Found Viydikk's Assorted Antiques.
  7701 | D:6      | Bought 2 smoky red potions for 34 gold pieces
  7701 | D:6      | Bought a scroll labelled VIDAOH YSELL for 19 gold pieces
  7701 | D:6      | Bought a purple potion for 17 gold pieces
  7701 | D:6      | Bought a blue potion for 17 gold pieces
  7734 | D:6      | Noticed a troll
  7746 | D:6      | Killed a troll
  8024 | D:6      | Reached skill level 5 in Summonings
  8264 | D:6      | Found a transporter.
  8264 | D:6      | Noticed Newt's ghost (novice DsGl)
  8265 | D:6      | Found a transporter.
  8659 | D:7      | Reached skill level 12 in Spellcasting
  8723 | D:7      | Found a staircase to the Ecumenical Temple.
  8738 | Temple   | Entered the Ecumenical Temple
  8859 | Temple   | Became a worshipper of Vehumet
  8919 | D:7      | Got Hawess's Dissertation on Voltaic Cold
  9205 | D:7      | Identified the +1 flail of Equilibrium {venom, Contam MP-9
                  | Str+6}
  9459 | D:8      | Found a flagged portal.
  9475 | Bailey   | Entered a bailey
  9496 | Bailey   | Reached XP level 10. HP: 54/56 MP: 22/28
  9619 | Bailey   | Slain by a gnoll

Illustrated notes

Levels and vault maps discovered:
D:1:      minmay_arrival_plants_in_alcoves, layout_rooms, minmay_misc_feat_five
D:2:      minmay_roachtagon, layout_basic, basic_altar,
          kennysheep_generic_room_5, uniq_sigmund
D:3:      layout_loops_ring
D:4:      layout_basic, lightli_sewer_entry_pipes
D:5:      layout_rooms, minivault_5, uniq_crazy_yiuf_cottage,
          uniq_blork_the_orc, uniq_pikel
D:6:      layout_basic, serial_shops, shop, gammafunk_ghost_smash,
          minmay_chambers_of_fives, uniq_menkaure, uniq_edmund, uniq_maggie
D:7:      layout_loops_ring, minmay_temple_entry_tees
D:8:      layout_loops_cross, mainiacjoe_overflow_divided_tiny, enter_bailey_5,
          grunt_livestock
Temple:   mainiacjoe_temple_big_plus
Bailey:   bailey_axe_froggy_fort_hellmonk, bailey

Skill      XL: |  1  2  3  4  5  6  7  8  9 10 |
---------------+-------------------------------+-----
Spellcasting   | 5 6 7 9 10 12 | 12.5
Fighting       | 1 2 3 4 |  4.0
Armour         | 1 2 |  2.1
Conjurations   | 2 3 5 6 7 |  7.0
Dodging        | 3 4 |  4.0
Shields        | 1 |  1.3
Stealth        | 3 |  3.1
Air Magic      | 1 |  1.0
Poison Magic   | 1 |  1.0
Evocations     | 1 |  1.0
Summonings     | 3 4 5 |  5.7
Necromancy     | 1 |  1.0
Fire Magic     | 1 3 4 |  4.2
Translocations | |  1.1

Action                   |  1- 3 |  4- 6 |  7- 9 | 10-12 || total
-------------------------+-------+-------+-------+-------++-------
Melee: Dagger            |    58 |    26 |    13 |       ||    97
       Mace              |       |       |    49 |    22 ||    71
       Whip              |       |       |     3 |       ||     3
       Punch             |       |       |     1 |     1 ||     2
 Cast: Magic Dart        |   119 |   153 |   264 |    14 ||   550
       Call Imp          |     1 |     7 |    18 |     3 ||    29
       Mephitic Cloud    |     1 |     4 |    29 |     4 ||    38
       Blink             |       |       |     2 |       ||     2
Evoke: Wand              |       |     1 |       |       ||     1
  Use: Potion            |       |       |     1 |       ||     1
 Stab: Sleeping          |     1 |       |     1 |       ||     2
       Confused          |     1 |     4 |     8 |     5 ||    18
Armor: Robe              |    22 |     7 |    44 |    14 ||    87
Dodge: Dodged            |    50 |    50 |    81 |    19 ||   200

Table legend: (Time is in decaauts)
 A = Elapsed time spent in this place.
 B = Non-inter-level travel time spent in this place.
 C = Inter-level travel time spent in this place.
 D = Time resting spent in this place.
 E = Time spent auto-exploring this place.
 F = Levels seen in this place.
 G = Mean time per level.
                   A        B        C        D        E       F      G
               +--------+--------+--------+--------+--------+-----+--------+
         Total |   9804 |   9451 |    353 |    767 |   6989 |  11 |  891.3 |
       Dungeon |   8369 |   8053 |    316 |    757 |   5870 |   8 | 1046.1 |
        Temple |    159 |    122 |     37 |      0 |    116 |   1 |  159.0 |
         Sewer |   1123 |   1123 |      0 |     10 |    919 |   1 | 1123.0 |
        Bailey |    152 |    152 |      0 |      0 |     83 |   1 |  152.0 |
               +--------+--------+--------+--------+--------+-----+--------+

Top non-repeatable levels by time:
     D:4: 1737 daAuts
     D:2: 1633 daAuts
     D:5: 1477 daAuts
   Sewer: 1123 daAuts
     D:1: 910 daAuts
     D:6: 891 daAuts
     D:7: 870 daAuts
     D:3: 782 daAuts
  Temple: 159 daAuts
  Bailey: 152 daAuts
     D:8: 65 daAuts
